 Dungeon Crawl Stone Soup version 0.29.0-4-gdea44cf6ec (webtiles) character file.

Game seed: 13582971230792633062

35 qw the Sneak (level 3, -8/23 HPs)
             Began as a Gargoyle Delver on Sept 10, 2022.
             Mangled by an iguana (9 damage)
             ... on level 5 of the Dungeon.
             The game lasted 00:00:07 (549 turns).

qw the Sneak (Gargoyle Delver)                       Turns: 549, Time: 00:00:07

Health: -8/23      AC:  6    Str: 17    XL:     3   Next: 33%
Magic:  3/3        EV: 11    Int: 10    God:
Gold:   48         SH:  0    Dex: 11    Spells: 2/2 levels left

rFire   . . .      SeeInvis .   a - +0 hand axe
rCold   . . .      Faith    .   (no shield)
rNeg    + . .      Spirit   .   b - +0 leather armour
rPois   inf        Reflect  .   (no helmet)
rElec   +          Harm     .   (no cloak)
rCorr   .          Rampage  .   (no gloves)
Will    .....                   (no boots)
Stlth   +++.......              (no amulet)
HPRegen 0.07/turn               (no ring)
MPRegen 0.08/turn               (no ring)

@: no status effects
A: sickness immunity, AC +3, negative energy resistance 1, electricity
resistance, torment resistance 1, petrification resistance
a: no special abilities


You were on level 5 of the Dungeon.
You visited 1 branch of the dungeon, and saw 1 of its levels.

You collected 48 gold pieces.


Innate Abilities, Weirdness & Mutations

You are immune to sickness and miasma.
Your stone body is resilient. (AC +3)
You are immune to poison.
You resist negative energy. (rN+)
You are resistant to electric shocks. (rElec)
You are resistant to unholy torment.
You are immune to petrification.


   Skills:
 - Level 3.2 Fighting
 + Level 3.3 Axes
 - Level 1.5 Dodging
 - Level 5.4 Stealth


You had 2 spell levels left.
You didn't know any spells.
Your spell library was empty.

Inventory:

Hand Weapons
 a - a +0 hand axe (weapon)
 i - a +0 mace
Armour
 b - a +0 leather armour (worn)
Wands
 g - a wand of digging (3)
Scrolls
 c - a scroll of fog
 d - a scroll of magic mapping
 e - a scroll of fear
Potions
 f - a potion of haste
 h - a potion of curing {unknown}

Dungeon Overview and Level Annotations

Branches:
Dungeon (5/15)
 Temple: D:4-7

Altars:
Nemelex Xobeh
Wu Jian
Yredelemnul


Message History

You kill the orc!
You hit the iguana but do no damage. The iguana barely misses you.
You barely miss the iguana. The iguana barely misses you.
The iguana bites you but does no damage.
You hit the iguana.
The iguana is lightly wounded.
The iguana bites you.
You barely miss the iguana.
The iguana is lightly wounded.
The iguana closely misses you.
You hit the iguana.
The iguana is moderately wounded.
The iguana bites you but does no damage.
You hit the iguana.
The iguana is heavily wounded.
The iguana barely misses you.
You hit the iguana but do no damage.
The iguana is heavily wounded.
The iguana bites you!
You closely miss the iguana.
The iguana is heavily wounded.
The iguana bites you!
You hit the iguana but do no damage.
The iguana is heavily wounded.
The iguana closely misses you. The iguana bites you.
You hit the iguana but do no damage.
The iguana is heavily wounded.
The iguana barely misses you.
You barely miss the iguana.
The iguana is heavily wounded.
The iguana bites you but does no damage.
You barely miss the iguana.
The iguana is heavily wounded.
The iguana closely misses you.
You hit the iguana.
The iguana is severely wounded.
The iguana bites you!
You die...

.##....##
#######.)...#.. .
.(##.#
##...###...# .
###...
#####...####.#..#
. ###.
......#..#...# .
.#.>.......#
#######..####
#.......#
##.###....# #)@#
##.... #.....l##
##.. ....... #
....... #.##### #


You could see an iguana.

Vanquished Creatures
  An orc priest (D:5)
  3 orcs (D:5)
4 creatures vanquished.

Vanquished Creatures (others)
  A plant (D:5)
1 creature vanquished.

Grand Total: 5 creatures vanquished

Notes
Turn   | Place    | Note
-------+----------+-------------------------------------------
     0 | D:5      | qw the Gargoyle Delver began the quest for the Orb.
     0 | D:5      | Reached XP level 1. HP: 14/14 MP: 1/1
     0 | D:5      | 0 ||| qw: Version: 0.1-a-117-gfe26ee0
     0 | D:5      | 0 ||| qw: Game counter: 9561
     0 | D:5      | 0 ||| qw: Always use a shield: true
     0 | D:5      | 0 ||| qw: God list: Okawaru
     0 | D:5      | 0 ||| qw: Allow faded altars: false
     0 | D:5      | 0 ||| qw: Do Orc after D:15 true
     0 | D:5      | 0 ||| qw: Do second Lair branch before Depths: true
     0 | D:5      | 0 ||| qw: Lair rune preference: random
     0 | D:5      | 0 ||| qw: Plans: Normal
     0 | D:5      | 0 ||| PLANNING D:1-11
     9 | D:5      | Found a sparkling altar of Nemelex Xobeh.
    18 | D:5      | Found an ornate altar of the Wu Jian Council.
    33 | D:5      | Found a basalt altar of Yredelemnul.
    40 | D:5      | Noticed an orc priest
    41 | D:5      | 41 ||| Stepping ~*~*~tactically~*~*~ (hiding).
   143 | D:5      | 143 ||| Stepping ~*~*~tactically~*~*~ (hiding).
   245 | D:5      | 245 ||| Stepping ~*~*~tactically~*~*~ (hiding).
   247 | D:5      | 247 ||| Stepping ~*~*~tactically~*~*~ (hiding).
   253 | D:5      | Killed an orc priest
   254 | D:5      | Reached skill level 3 in Axes
   254 | D:5      | Reached XP level 2. HP: 9/19 MP: 2/2
   254 | D:5      | Reached XP level 3. HP: 11/23 MP: 3/3
   257 | D:5      | 257 ||| Stepping ~*~*~tactically~*~*~ (stealth).
   260 | D:5      | HP: 5/23 [orc/+0 hand axe (3)]
   522 | D:5      | 522 ||| Stepping ~*~*~tactically~*~*~ (stealth).
   524 | D:5      | 524 ||| Stepping ~*~*~tactically~*~*~ (stealth).
   526 | D:5      | 526 ||| Stepping ~*~*~tactically~*~*~ (stealth).
   544 | D:5      | HP: 4/23 [iguana (7)]
   545 | D:5      | HP: 1/23 [iguana (3)]
   549 | D:5      | Mangled by an iguana

Levels and vault maps discovered:
D:5:      layout_rooms, gammafunk_temple_overflow_forgotten, trog_wizard,
          gup_sewer_entry_spiral

Skill      XL: |  1 |
---------------+----+-----
Axes           | 3 |  3.3
Fighting       | |  3.2
Dodging        | |  1.5
Stealth        | |  5.4

Action                   || total
-------------------------++-------
Melee: Hand axe          ||    25
Armor: Leather armour    ||     5
Dodge: Dodged            ||    10

Table legend:
 A = Non-vault XP
 B = Vault XP
 C = Vault XP percentage of total XP
 D = Non-vault monster count
 E = Vault monster count
 F = Vault count percentage of total count
                 A         B        C        D         E       F
            +---------+---------+-------+---------+---------+-------
      Total |      50 |       0 |   0.0 |       4 |       0 |   0.0
            +---------+---------+-------+---------+---------+-------
        D:5 |      50 |       0 |   0.0 |       4 |       0 |   0.0
            +---------+---------+-------+---------+---------+-------
